 Dungeon Crawl Stone Soup version 0.18-a0-1718-g40ea4b6 (webtiles) character file.

377 M4edhros the Sneak (level 6, -11/43 HPs)
             Began as an Octopode Wanderer on Apr 8, 2016.
             Mangled by an ogre
             ... wielding a +0 giant club
              (28 damage)
             ... on level 4 of the Dungeon.
             The game lasted 00:03:32 (3775 turns).

M4edhros the Sneak (Octopode Wanderer)              Turns: 3775, Time: 00:03:32

Health: -11/43     AC:  1    Str: 10    XL:     6   Next: 73%
Magic:  6/6        EV: 13    Int: 16    God:
Gold:   176        SH:  0    Dex: 13    Spells: 0 memorised, 5 levels left

rFire  . . .     SeeInvis .     a - +3 mace
rCold  . . .     Gourm    .     (no shield)
rNeg   . . .     Faith    .     (helmet restricted)
rPois  .         Spirit   .     (no amulet)
rElec  .         Dismiss  .     (no ring)
rCorr  .         Reflect  .     (no ring)
SustAt .         Harm     .     (no ring)
MR     .....                    (no ring)
Stlth  ++++......               (no ring)
                                (no ring)
                                (no ring)
                                (no ring)

@: not resistant to hostile enchantments, stealthy
A: almost no armour, amphibious, 8 rings, constrict 8, camouflage 1, gelatinous
body 1
a: no special abilities


You were on level 4 of the Dungeon.
You were not hungry.

You visited 1 branch of the dungeon, and saw 5 of its levels.

You collected 176 gold pieces.

Inventory:

Hand Weapons
 a - a +3 mace (weapon)
 d - a +0 dagger
 i - a +0 hunting sling
Missiles
 h - 11 silver sling bullets
 l - 25 sling bullets
 n - 40 stones (quivered)
Scrolls
 b - a scroll of teleportation
 e - 2 scrolls of recharging
 j - 2 scrolls of remove curse
 k - a scroll of fog
Potions
 c - 2 potions of curing
Comestibles
 f - 2 bread rations
 g - 2 meat rations


   Skills:
 - Level 4.0 Fighting
 - Level 2.0 Maces & Flails
 + Level 5.0 Slings
 - Level 3.9 Dodging
 - Level 5.3 Stealth


You had 5 spell levels left.
You didn't know any spells.

Dungeon Overview and Level Annotations

Branches:
Dungeon (5/15)
 Temple: D:4-7

Altars:
Xom

Annotations:
D:3 Torro's ghost, amateur MiFi
D:5 exclusion: door


Innate Abilities, Weirdness & Mutations

You cannot wear most types of armour.
You are amphibious.
You can wear up to eight rings at the same time.
You can use your tentacles to constrict eight enemies at once.
Your skin changes colour to match your surroundings (Stealth).
Your rubbery body absorbs attacks (AC +1).


Message History

Found a stone staircase leading down.
The ogre is too close now for your liking.
There is a stone staircase leading down here.
An ogre is nearby!
The ogre shouts!
You hit the ogre.
The ogre is lightly wounded.
The ogre hits you but does no damage.
You hit the ogre.
The ogre is moderately wounded.
The ogre hits you with a giant club!!
Ouch! That really hurt!
Drink which item? (? for menu, Esc to quit)
Okay, then.
Found a shimmering altar of Xom.
An adder comes into view.
There is a stone staircase leading down here.
The ogre hits you with a giant club!!
Ouch! That really hurt!
You die...

h..## #...# O...## #...#
.....### ###..#
.......## ####....#
........###.>.....#
....<..$..........#
............##>...##
..........#####O...#####
.........## #.@.......
.........# #...........
......<.## #...........
........# #............
..#.....# #...^^^......
#...^_^.S....
....^........
......!.......


You could see an ogre and an adder (wandering).

Vanquished Creatures
  A sky beast (D:5)
  2 howler monkeys
  A hound (D:5)
  An iguana (D:5)
  2 worker ants
  4 adders
  A howler monkey skeleton (D:5)
  An ooze (D:3)
  An adder zombie (D:5)
  An adder skeleton (D:5)
  2 worms (D:2)
  3 dart slugs
  A giant gecko (D:4)
  An orc (D:5)
  2 giant cockroaches
  A goblin (D:1)
  11 hobgoblins
  7 kobolds
  7 bats
  2 giant newts (D:1)
  2 rats (D:1)
54 creatures vanquished.

Vanquished Creatures (others)
  A worker ant (D:4)
1 creature vanquished.

Grand Total: 55 creatures vanquished

Notes
Turn   | Place    | Note
--------------------------------------------------------------
     0 | D:1      | M4edhros the Octopode Wanderer began the quest for the Orb.
     0 | D:1      | M4edhros set off with: a +2 mace, a scroll of teleportation, a potion of curing, a +0 dagger, a bread ration
     0 | D:1      | Reached XP level 1. HP: 17/17 MP: 1/1
    18 | D:1      | Reached skill level 1 in Dodging
   127 | D:1      | Reached XP level 2. HP: 22/22 MP: 2/2
   626 | D:1      | Reached XP level 3. HP: 27/27 MP: 3/3
  1568 | D:2      | Reached XP level 4. HP: 29/33 MP: 4/4
  2207 | D:3      | Noticed Torro's ghost (amateur MiFi)
  2218 | D:4      | Noticed an ogre
  2437 | D:4      | Reached skill level 1 in Slings
  2547 | D:4      | Noticed a phantom
  2551 | D:4      | Reached XP level 5. HP: 8/37 MP: 5/5
  2555 | D:4      | HP: 1/37 [phantom (5)]
  2612 | D:5      | Entered Level 5 of the Dungeon
  2975 | D:5      | Noticed a sky beast
  2986 | D:5      | Killed a sky beast
  2986 | D:5      | Reached XP level 6. HP: 24/43 MP: 6/6
  3228 | D:5      | Found a runed door.
  3660 | D:5      | Reached skill level 5 in Slings
  3773 | D:4      | Found a shimmering altar of Xom.
  3775 | D:4      | Mangled by an ogre

Vault maps used:
D:1:      minmay_arrival_stone_box, interstate_on_off, minivault_26,
          minmay_misc_feat_nine_boxes, serial_bayou_pond_d, st_stairs_6,
          kennysheep_nondescript, nrook_loot_triangle, minmay_misc_feat_iff,
          hangedman_decor_growths, serial_bayou_pond_c
D:2:      tso_altar
D:3:      first_bread, uniq_robin
D:4:      grunt_qazlal_clouds, xom_teletrap_fun
D:5:      lightli_church_of_beogh

Skill      XL: |  1  2  3  4  5  6 |
---------------+-------------------+-----
Dodging        | 1 2 3 |  3.9
Slings         | 2 4 5 |  5.0
Fighting       | |  4.0
Maces & Flails | |  2.0
Stealth        | |  5.3

Action                   |  1- 3 |  4- 6 || total
-------------------------+-------+-------++-------
Melee: Mace              |    72 |    61 ||   133
 Fire: Hunting sling     |       |     7 ||     7
  Use: Potion            |     1 |     2 ||     3
       Scroll            |       |     6 ||     6
 Stab: Sleeping          |    13 |     8 ||    21
  Eat: Chunk             |       |     7 ||     7
       Beef jerky        |       |     1 ||     1
